 Dungeon Crawl Stone Soup version 0.25-a0-167-g836c352ace (webtiles) character file.

Game seed: 1826238030160950546, levelgen mode: deterministic

155 tilp the Gusty (level 5, -1/28 HPs)
             Began as a Tengu Air Elementalist on Nov 25, 2019.
             Slain by an orc priest
             ... wielding a +0 hand axe
              (8 damage)
             ... on level 4 of the Dungeon.
             The game lasted 00:07:10 (3072 turns).

tilp the Gusty (Tengu Air Elementalist)             Turns: 3072, Time: 00:07:11

Health: -1/28      AC:  3    Str:  8    XL:     5   Next: 37%
Magic:  5/9        EV: 12    Int: 17    God:
Gold:   169        SH:  0    Dex: 14    Spells: 3/9 levels left

rFire    . . .     SeeInvis .   a - +1 short sword (speed)
rCold    . . .     Gourm    .   (no shield)
rNeg     . . .     Faith    .   g - +1 robe
rPois    .         Spirit   .   (helmet restricted)
rElec    .         Reflect  .   (no cloak)
rCorr    .         Harm     .   (no gloves)
MR       .....                  (boots unavailable)
Stlth    ++........             (no amulet)
HPRegen  0.09/turn              n - ring of wizardry
MPRegen  0.11/turn              (no ring)

@: no status effects
A: beak, talons 3, able to fly
a: Fly


You were on level 4 of the Dungeon.
You were not hungry.

You visited 1 branch of the dungeon, and saw 4 of its levels.

You collected 169 gold pieces.

Inventory:

Hand Weapons
 a - a +1 short sword of speed (weapon)
Missiles
 b - 41 stones (quivered)
 j - 23 poisoned darts
 p - 19 sling bullets
 r - 5 javelins
Armour
 g - a +1 robe (worn)
 q - a +0 robe of magic resistance
Jewellery
 n - a ring of wizardry (left hand)
Wands
 u - a wand of iceblast (8)
Scrolls
 e - a scroll of remove curse
 f - a scroll of fear {unknown}
 k - a scroll of enchant armour
 l - a scroll of noise {unknown}
 t - a scroll of teleportation
Potions
 d - 2 potions of heal wounds
 i - a potion of lignification
 m - a potion of magic
 o - 2 potions of might
 s - a potion of curing {unknown}
Comestibles
 c - 9 rations
 h - 3 chunks of flesh


   Skills:
 - Level 2.1 Dodging
 - Level 2.0 Stealth
 + Level 2.6 Spellcasting
 + Level 4.8 Conjurations
 * Level 5.5 Air Magic


You had 3 spell levels left.
You knew the following spells:

 Your Spells              Type           Power        Failure   Level  Hunger
a - Shock                 Conj/Air       ###.         1%          1    #......
b - Swiftness             Chrm/Air       ##......     3%          2    ##.....
c - Static Discharge      Conj/Air       ###.....     2%          3    ###....

Your spell library contained the following spells:

 Spells                   Type           Power        Failure   Level  Hunger
 Animate Skeleton         Necr           N/A          8%          1    #......
 Apportation              Tloc           #.....       8%          1    #......
 Confusing Touch          Hex            #.....       8%          1    #......
 Summon Small Mammal      Summ           #...         8%          1    #......
 Airstrike                Air            ###.......   8%          4    #####..
 Lightning Bolt           Conj/Air       ###.......   24%         5    ######.


Dungeon Overview and Level Annotations

Branches:
Dungeon (4/15)
 Temple: D:4-7

Altars:

Annotations:
D:2 exclusions: adder, centaur and 3 jackals
D:4 Menkaure


Innate Abilities, Weirdness & Mutations

You have a beak for a mouth.
You have claws for feet.
You can fly continuously.


Message History

The orc priest is severely wounded.
Unknown command.
Casting: Shock (safe; 1% risk of failure)
Confirm with . or Enter, or press ? or * to list all spells.
Aiming: Shock (safe; 1% risk of failure)
Press: ? - help, Shift-Dir - straight line The zap misses the orc priest.
The zap hits the orc wizard.
The orc wizard is lightly wounded.
The zap hits the orc wizard.
The orc wizard is moderately wounded.
The orc priest hits you with a +0 hand axe.
* * * LOW HITPOINT WARNING * * *
Unknown command.
Casting: Shock (safe; 1% risk of failure)
Confirm with . or Enter, or press ? or * to list all spells.
Aiming: Shock (safe; 1% risk of failure)
Press: ? - help, Shift-Dir - straight line The zap misses the orc priest.
The zap misses the orc wizard.
The orc priest hits you with a +0 hand axe!
You die...

#...... ### ......M
##.############ ....###
#.............. .#.#.>.
#######.###########. ## # #
#.)รท....# #..<. #.#######
#.##. #..).# #.##.
####.###### #.##. #@......#
#.##. .#### #oo####....
#.... ......#####)##### ###
###.##
....o.......###8###8###8#.##
.......##.#.##............##
.#####. #.#.#8............##
#. #...##............## #.
###.###8###8###8#### #. #.#
### ##########


You could see an orc priest and an orc wizard.

Vanquished Creatures
  2 orc wizards (D:4)
  3 adders
  An ooze (D:3)
  A worm (D:3)
  2 dart slugs
  10 orcs
  A giant cockroach (D:2)
  6 goblins
  6 hobgoblins
  4 jackals (D:2)
  2 quokkas
  3 bats
  2 frilled lizards (D:2)
  4 kobolds
  7 rats
54 creatures vanquished.

Notes
Turn   | Place    | Note
-------+----------+-------------------------------------------
     0 | D:1      | tilp the Tengu Air Elementalist began the quest for the
                  | Orb.
     0 | D:1      | Reached XP level 1. HP: 10/10 MP: 4/4
   463 | D:2      | Noticed a centaur
   510 | D:2      | Reached XP level 2. HP: 13/15 MP: 1/6
   514 | D:2      | Learned a level 2 spell: Swiftness
   811 | D:2      | Reached XP level 3. HP: 19/19 MP: 5/7
  1118 | D:2      | Learned a level 3 spell: Static Discharge
  1432 | D:3      | Noticed a phantom
  1869 | D:3      | Reached XP level 4. HP: 24/24 MP: 4/8
  2276 | D:3      | Upgraded the game from 0.25-a0-166-g16436c4407 to
                  | 0.25-a0-167-g836c352ace
  2671 | D:4      | Noticed Menkaure
  2795 | D:4      | Reached skill level 5 in Air Magic
  2804 | D:4      | Gained mutation: You can fly continuously. [Tengu growth]
  2804 | D:4      | Reached XP level 5. HP: 12/28 MP: 2/9
  3072 | D:4      | Slain by an orc priest

Levels and vault maps discovered:
D:1:      minmay_arrival_stone_box, layout_basic, serial_bayou_pond_e
D:2:      layout_basic, st_stairs_5
D:3:      layout_basic, first_ration
D:4:      layout_loops_cross, minmay_temple_entry_nine_rooms,
          corexii_hall_statues_deadend, hangedman_glass_teeth, xom_redecorated,
          uniq_pikel, uniq_menkaure

Skill      XL: |  1  2  3  4 |
---------------+-------------+-----
Conjurations   | 2 3 4 |  4.8
Air Magic      | 5 |  5.5
Dodging        | |  2.1
Stealth        | |  2.0
Spellcasting   | |  2.6

Action                   |  1- 3 |  4- 6 || total
-------------------------+-------+-------++-------
Melee: Short sword       |     1 |     6 ||     7
       Kick              |       |     1 ||     1
       Peck              |       |     1 ||     1
 Cast: Shock             |    55 |    53 ||   108
  Use: Scroll            |       |     7 ||     7
 Stab: Sleeping          |     1 |       ||     1
  Eat: Chunk             |     4 |     4 ||     8
Dodge: Dodged            |     8 |     2 ||    10

Table legend:
 A = Non-vault XP
 B = Vault XP
 C = Vault XP percentage of total XP
 D = Non-vault monster count
 E = Vault monster count
 F = Vault count percentage of total count
                 A         B        C        D         E       F
            +---------+---------+-------+---------+---------+-------
      Total |     218 |       4 |   1.8 |      52 |       2 |   3.7
            +---------+---------+-------+---------+---------+-------
        D:1 |       9 |       0 |   0.0 |       7 |       0 |   0.0
        D:2 |      56 |       4 |   6.7 |      17 |       2 |  10.5
        D:3 |      65 |       0 |   0.0 |      22 |       0 |   0.0
        D:4 |      88 |       0 |   0.0 |       6 |       0 |   0.0
            +---------+---------+-------+---------+---------+-------
